 Dungeon Crawl Stone Soup version 0.29-a0-542-g075992c915 (webtiles) character file.

Game seed: 16603484108859452177

236979 Bruhh the Deadly Accurate (level 18, -9/183 HPs)
             Began as a Troll Gladiator on June 3, 2022.
             Was a High Priest of Okawaru.
             Mangled by a frost giant
             ... wielding a +2 battleaxe of freezing
              (26 damage)
             ... in an ice cave on June 4, 2022.
             The game lasted 01:11:51 (31941 turns).

Bruhh the Deadly Accurate (Troll Gladiator)        Turns: 31941, Time: 01:11:52

Health: -9/183     AC: 18    Str: 39    XL:     18   Next: 52%
Magic:  19/24      EV: 11    Int:  4    God:    Okawaru [*****.]
Gold:   1086       SH: 27    Dex: 17    Spells: 17/17 levels left

rFire   x . .      SeeInvis .     - Unarmed
rCold   + + .      Faith    .   Z - +1 tower shield {reflect}
rNeg    . . .      Spirit   .   H - +0 ice dragon scales
rPois   .          Reflect  +   b - +1 hat
rElec   .          Harm     .   D - scarf {+Inv}
rCorr   .          Rampage  .   (gloves unavailable)
Will    +....                   (boots unavailable)
Stlth   +.........              X - amulet of reflection
HPRegen 1.20/turn               k - +6 ring of dexterity
MPRegen 0.19/turn               l - +6 ring of strength

@: heroic, finesse-ful, frozen, very slow
A: large, unfitting armour, claws 3, regeneration 1, shaggy fur 1, tough skin 1
}: 2/15 runes: serpentine, barnacled
a: Renounce Religion, Evoke Invisibility, Heroism, Finesse, Duel


You were in an ice cave.
You worshipped Okawaru.
Okawaru was extremely pleased with you.
You visited 6 branches of the dungeon, and saw 31 of its levels.
You visited the Abyss 1 time.
You also visited: Bailey, Gauntlet and Ice Cave.

You collected 3260 gold pieces.
You spent 2174 gold pieces at shops.

Inventory:

Missiles
 c - a boomerang
 e - 54 poisoned darts
 y - 6 javelins (quivered)
 B - 19 silver boomerangs
 G - 13 silver javelins
 M - 27 large rocks
 P - 4 throwing nets
Armour
 b - a +1 hat (worn)
 i - the +10 fire dragon scales of the Maze {rF++ rC- Str+7 Slay+3}
   (You acquired it on level 9 of the Dungeon)

   Str:       It affects your strength (+7).
   Slay:      It affects your accuracy & damage with ranged weapons and melee
   (+3).
   rF:        It greatly protects you from fire.
   rC:        It makes you vulnerable to cold.
 D - a scarf of invisibility (worn)
 H - +0 ice dragon scales (worn)
 Z - a +1 tower shield of reflection (worn)
Jewellery
 h - a ring of protection from cold
 k - a +6 ring of dexterity (left claw)
 l - a +6 ring of strength (right claw)
 A - an amulet of regeneration
 W - a ring of willpower
 X - an amulet of reflection (around neck)
 Y - the ring "Rocokk" {rCorr Str+4}
   (You found it on level 4 of the Shoals)

   [ring of resist corrosion]

   Str:       It affects your strength (+4).
   rCorr:     It protects you from acid and corrosion.
Wands
 d - a wand of polymorph (5)
 u - a wand of paralysis (22)
 C - a wand of flame (37)
 E - a wand of iceblast (19)
 J - a wand of mindburst (19)
 S - a wand of digging (4)
 T - a wand of acid (3)
Scrolls
 a - 4 scrolls of fog
 f - 5 scrolls of enchant weapon
 j - 3 scrolls of brand weapon
 m - 10 scrolls of magic mapping
 q - 5 scrolls of amnesia
 s - 10 scrolls of identify
 z - 2 scrolls of immolation
 F - 7 scrolls of enchant armour
 L - 2 scrolls of fear
 Q - 4 scrolls of poison
Potions
 g - 3 potions of haste
 n - 3 potions of magic
 o - 2 potions of berserk rage
 p - 2 potions of invisibility
 r - 4 potions of flight
 t - a potion of heal wounds
 v - a potion of cancellation {unknown}
 w - 5 potions of lignification
 x - a potion of curing
 I - 4 potions of resistance
 K - 3 potions of brilliance {unknown}
 O - 3 potions of attraction
 U - a potion of ambrosia
 V - 3 potions of mutation {unknown}
Miscellaneous
 R - a phial of floods


   Skills:
 - Level 12.4(17.4) Fighting
 - Level 16.0(21.0) Throwing
 - Level 10.0(15.0) Armour
 - Level 2.4(7.4) Dodging
 + Level 14.0(19.0) Shields
 + Level 15.8(20.8) Unarmed Combat
 - Level 10.0 Invocations


You had 17 spell levels left.
You didn't know any spells.
Your spell library contained the following spells:

 Spells                   Type           Power      Damage    Failure   Level
 Beastly Appendage        Tmut           0%         N/A       87%         1
 Freeze                   Ice            0%         1d3       87%         1
 Magic Dart               Conj           0%         1d3       87%         1
 Sting                    Tmut/Pois      0%         1d3       87%         1
 Blink                    Tloc           0%         N/A       95%         2
 Poisonous Vapours        Pois/Air       0%         N/A       95%         2
 Sublimation of Blood     Necr           0%         N/A       95%         2
 Wereblood                Tmut           0%         N/A       95%         2
 Dazzling Flash           Conj/Hex       0%         N/A       99%         3
 Frozen Ramparts          Ice            0%         1d2       99%         3
 Ignite Poison            Fire/Tmut/Pois 0%         N/A       99%         3
 Mephitic Cloud           Conj/Pois/Air  0%         N/A       99%         3
 Portal Projectile        Hex/Tloc       0%         N/A       99%         3
 Stone Arrow              Conj/Erth      0%         3d7       99%         3
 Airstrike                Air            0%         N/A       100%        4
 Corpse Rot               Necr/Pois/Air  0%         N/A       100%        4
 Hailstorm                Conj/Ice       0%         3d3       100%        4
 Olgreb's Toxic Radiance  Pois           0%         N/A       100%        4
 Agony                    Necr           0%         N/A       100%        5
 Blade Hands              Tmut           0%         N/A       100%        5
 Irradiate                Conj/Tmut      0%         3d13      100%        5
 Lightning Bolt           Conj/Air       0%         1d11      100%        5
 Manifold Assault         Tloc           0%         N/A       100%        5
 Silence                  Hex/Air        0%         N/A       100%        5
 Eringya's Noxious Bog    Tmut/Pois      0%         N/A       100%        6
 Statue Form              Tmut/Erth      0%         N/A       100%        6
 Dragon Form              Tmut           0%         N/A       100%        7
 Storm Form               Tmut/Air       0%         N/A       100%        7
 Lehudib's Crystal Spear  Conj/Erth      0%         10d2      100%        8
 Call Imp                 Summ           Unusable   N/A       N/A         2
 Tukima's Dance           Hex            Unusable   N/A       N/A         3
 Animate Armour           Summ/Erth      Unusable   N/A       N/A         4
 Summon Lightning Spire   Summ/Air       Unusable   N/A       N/A         4
 Summon Forest            Summ/Tloc      Unusable   N/A       N/A         5
 Summon Hydra             Summ           Unusable   N/A       N/A         7

Dungeon Overview and Level Annotations

Branches:
Dungeon (14/15)            Temple (1/1) D:7            Lair (6/6) D:9
 Shoals (4/4) Lair:3        Snake (4/4) Lair:2        Slime (0/5) Lair:5
    Orc (2/2) D:9             Elf (0/3) Orc:2        Bailey (visited)
  IceCv (1/1)             Gauntlet (visited)
 Vaults: D:13-14

Altars:
Ashenzari
Cheibriados
Dithmenos
Elyvilon
Fedhas
Gozag
Hepliaklqana
Kikubaaqudgha
Makhleb
Nemelex Xobeh
Okawaru
Qazlal
Ru
Sif Muna
Trog
Uskayaw
Vehumet
Wu Jian
Xom
Yredelemnul
Zin
The Shining One
Lugonu

Shops:
D:1 [   D:6 *   D:9 !   Orc:2 !?[=   Shoals:1 (=   Snake:1 !   Snake:4 (

Portals:
Abyss: D:13
Pandemonium: Orc:2
Trove: D:12 (give +5 demon whip)

Annotations:
D:10 6 transporters
D:13 2 runed translucent doors


Innate Abilities, Weirdness & Mutations

You are too large for most types of armour.
You have claws for hands.
Your natural rate of healing is unusually fast.
You are covered in fur. (AC +1)
You have tough skin. (AC +1)


Message History

You block the frost giant's attack.
The ironbound frostheart calls freezing cold from the walls.
The frost grips you!! You partially resist.
* * * LOW HITPOINT WARNING * * *
You block the white ugly thing's attack.
Okay, then.
You feel much better. The ice encasing you melts away.
You block the white ugly thing's attack.
You claw the white ugly thing!
The white ugly thing is moderately wounded.
You block the ironbound frostheart's attack.
You eviscerate the ironbound frostheart!!!
The ironbound frostheart is severely wounded.
You eviscerate the ironbound frostheart!!!
You kill the ironbound frostheart!
Okawaru accepts your kill.
The white ugly thing trunk-slaps you but does no damage.
The ironbound frostheart calls freezing cold from the walls.
The frost grips you!! You partially resist.
* * * LOW HITPOINT WARNING * * *
You are encased in ice.
The frost giant points at you and mumbles some strange words.
The bolt of cold hits the frost giant.
The frost giant resists.
The bolt of cold hits you. You resist.
* * * LOW HITPOINT WARNING * * *
The frost giant gestures at you while chanting.
The bolt of cold hits the frost giant!
The frost giant resists.
The bolt of cold hits you! You resist.
* * * LOW HITPOINT WARNING * * *
You block the white ugly thing's attack.
The frost giant attacks as you move away!
The frost giant hits you with a +2 battleaxe of freezing!
* * * LOW HITPOINT WARNING * * *
The frost giant points at you and mumbles some strange words.
The bolt of cold hits the frost giant!
The frost giant resists.
The bolt of cold hits you. You resist.
* * * LOW HITPOINT WARNING * * *
The frost giant hits you with a +2 battleaxe of freezing!!
You die...

##...##
##..#
###..#
#..# #
#.##
#..# #
###
##.# ##
#..# .#
#..# .#
##.##
## #..#
# ##@.#
#uC##
#[.#
#C##
#C.##
##k.#
#(.#
###
##p##
###.##
#..#


You could see 3 frost giants and a white ugly thing.

Vanquished Creatures
  2 tentacled starspawn
  Polyphemus (Shoals:3)
  2 krakens (Shoals:4)
  Roxanne (Snake:4)
  2 nagarajas (Snake:3)
  Aizul (Snake:1)
  A balrug (Abyss:1)
  2 very ugly things (Abyss:1)
  Nessos (D:12)
  A white draconian (IceCv)
  A dire elephant (Lair:6)
  5 merfolk javelineers (Shoals:4)
  9 merfolk impalers
  Josephine (D:12)
  2 vault guards (Bailey)
  2 boulder beetles
  5 hydras
  7 ice dragons (IceCv)
  A salamander tyrant (Snake:4)
  A death knight (D:14)
  3 satyrs
  14 anacondas
  4 ironbound frosthearts (IceCv)
  3 merfolk aquamancers
  2 centaur warriors
  2 catoblepae
  A deep troll shaman (Lair:6)
  2 two-headed ogres (D:10)
  3 demonspawn (Orc:2)
  7 merfolk avatars
  14 naga warriors
  7 death yaks
  4 thrashing horrors
  17 naga sharpshooters
  8 orc high priests (Orc:2)
  Sonja (Arena)
  8 shock serpents
  A sixfirhy (Orc:2)
  4 sun demons
  Amaemon (D:9)
  A fire crab (Lair:6)
  3 salamander mystics
  4 skeletal warriors (D:13)
  17 sea snakes
  5 large abominations
  2 lindwurms (Snake:4)
  6 naga ritualists
  24 harpies
  An orange crystal statue (IceCv)
  5 orc knights
  5 orc sorcerers (Orc:2)
  14 mana vipers
  A deep elf pyromancer (D:12)
  9 ugly things
  28 elephants
  11 manticores
  13 fauns
  A will-o-the-wisp (Abyss:1)
  5 cyclopes
  13 salamanders
  10 merfolk sirens
  27 black mambas
  8 guardian serpents
  Joseph (D:9)
  5 water nymphs
  11 cane toads
  A gargoyle (D:12)
  18 naga magi
  A torpor snail (Lair:5)
  2 smoke demons
  An orange demon (D:9)
  A cane toad (shapeshifter) (D:13)
  3 kobold demonologists (D:14)
  13 komodo dragons
  3 unseen horrors
  8 rime drakes
  A freezing wraith (D:13)
  Psyche (D:8)
  A red devil (Orc:2)
  27 merfolk
  2 ancient zymes (Abyss:2)
  11 polar bears
  A troll (D:10)
  Prince Ribbit (Bailey)
  5 wind drakes
  5 raiju
  8 snapping turtles
  8 slime creatures (D:11)
  28 blink frogs
  7 dream sheep
  8 starcursed masses
  10 wraiths
  44 yaks
  A ynoxinul (Abyss:2)
  6 water elementals
  3 humans (Bailey)
  4 wyverns
  2 fire bats (Abyss:2)
  Grum (D:8)
  8 vampire mosquitoes (D:12)
  A basilisk (Lair:4)
  2 steam dragons
  A chaos spawn (Abyss:1)
  A spatial vortex (Abyss:1)
  5 wargs (Orc:2)
  40 nagas
  3 acid dragons
  20 water moccasins
  5 black bears
  2 ice beasts
  21 orc warriors
  2 sky beasts
  5 ogres
  7 wolves
  6 centaurs
  5 kobold brigands
  2 gnoll sergeants
  26 bullfrogs
  5 scorpions
  2 necrophages
  13 killer bees
  3 electric eels (Lair:4)
  4 howler monkeys
  3 hounds
  A jelly (D:4)
  18 orc priests
  3 gnoll shamans
  Natasha (thrice) (D:3)
  6 iguanas
  15 orc wizards
  A hound zombie (D:3)
  A hound skeleton (D:3)
  23 gnolls
  5 adders
  2 shadow imps
  2 white imps
  2 dart slugs
  2 worms (D:2)
  64 orcs
  A ball python (D:4)
  A bat zombie (D:11)
  7 endoplasms
  A giant cockroach (D:4)
  13 goblins
  11 hobgoblins
  4 jackals (D:2)
  30 kobolds
  2 quokkas (D:3)
  3 bats
  3 frilled lizards
  A giant cockroach zombie (D:3)
  A quokka skeleton (D:3)
  5 rats
  5 tentacles (Shoals:4)
1048 creatures vanquished.

Vanquished Creatures (collateral kills)
  A hydra (Lair:3)
  A komodo dragon (Lair:3)
2 creatures vanquished.

Vanquished Creatures (others)
  2 orcs (D:12)
  45 fungi
  A lurking horror (Abyss:1)
  86 plants
  15 starspawn tentacles
  21 tentacles (Shoals:4)
170 creatures vanquished.

Grand Total: 1220 creatures vanquished

Notes
Turn   | Place    | Note
-------+----------+-------------------------------------------
     0 | D:1      | Bruhh the Troll Gladiator began the quest for the Orb.
     0 | D:1      | Reached XP level 1. HP: 19/19 MP: 0/0
    57 | D:1      | Found Puneh's Armour Emporium.
   255 | D:1      | Reached XP level 2. HP: 27/27 MP: 1/1
   622 | D:2      | Reached XP level 3. HP: 33/33 MP: 2/2
   737 | D:2      | Found a faded altar of an unknown god.
  1577 | D:3      | Noticed Natasha
  1582 | D:3      | Killed Natasha
  1583 | D:3      | Reached skill level 5 in Unarmed Combat
  1583 | D:3      | Reached XP level 4. HP: 41/41 MP: 3/3
  1641 | D:3      | Noticed Natasha
  1645 | D:3      | Killed Natasha
  1655 | D:3      | Noticed Natasha
  1658 | D:3      | Killed Natasha
  1670 | D:3      | Reached XP level 5. HP: 43/48 MP: 4/4
  2152 | D:4      | Reached XP level 6. HP: 55/55 MP: 5/5
  2234 | D:4      | You fall into a shaft and drop 2 floors!
  2278 | D:6      | Reached XP level 7. HP: 41/62 MP: 6/6
  2391 | D:5      | Entered Level 5 of the Dungeon
  2965 | D:5      | Reached XP level 8. HP: 70/70 MP: 7/7
  3362 | D:6      | Reached skill level 2 in Throwing
  3362 | D:6      | Reached skill level 10 in Unarmed Combat
  3464 | D:6      | Found a bloodstained altar of Trog.
  3487 | D:6      | Found Hiog's Serpentskin Sales.
  3490 | D:6      | Reached skill level 3 in Throwing
  3689 | D:6      | Reached skill level 4 in Throwing
  3985 | D:7      | Reached XP level 9. HP: 46/85 MP: 8/8
  4030 | D:7      | Reached skill level 5 in Throwing
  4246 | D:7      | Identified the +8 quarterstaff of Fae Conscience {spect,
                  | Str+6 Int-3}
  4450 | D:7      | Reached skill level 5 in Fighting
  4463 | D:7      | Found a staircase to the Ecumenical Temple.
  4759 | D:8      | Reached skill level 6 in Throwing
  5048 | D:8      | Noticed Psyche
  5065 | D:8      | Reached skill level 7 in Throwing
  5126 | D:8      | Killed Psyche
  5156 | D:8      | Noticed Grum
  5438 | D:8      | Killed Grum
  5439 | D:8      | Reached XP level 10. HP: 88/100 MP: 9/9
  5527 | D:9      | Identified a scroll of acquirement
  5527 | D:9      | Acquired the +10 fire dragon scales of the Maze {rF++ rC-
                  | Str+7 Slay+3}
  5571 | D:9      | Found a staircase to the Orcish Mines.
  5588 | D:9      | Found Pohil's Distillery.
  5626 | D:9      | Noticed Joseph
  5643 | D:9      | Killed Joseph
  5789 | D:9      | Found a flagged portal.
  5831 | Bailey   | Entered a bailey
  5869 | Bailey   | Reached skill level 8 in Throwing
  5884 | Bailey   | Noticed a vault guard
  5884 | Bailey   | Noticed Prince Ribbit
  5895 | Bailey   | Killed a vault guard
  5902 | Bailey   | Killed Prince Ribbit
  5945 | Bailey   | Noticed a vault guard
  5954 | Bailey   | Killed a vault guard
  6005 | Bailey   | Reached skill level 9 in Throwing
  6076 | D:9      | Found a staircase to the Lair.
  6264 | D:9      | Reached XP level 11. HP: 113/113 MP: 10/10
  6555 | D:9      | Noticed Amaemon
  6566 | D:9      | Killed Amaemon
  6651 | Lair:1   | Entered Level 1 of the Lair of Beasts
  6731 | Lair:1   | Reached skill level 10 in Throwing
  6738 | Lair:1   | Reached skill level 1 in Armour
  7488 | Lair:2   | Reached skill level 10 in Fighting
  7570 | Lair:2   | Reached skill level 5 in Armour
  7664 | Lair:2   | Reached XP level 12. HP: 60/126 MP: 11/11
  7962 | Lair:2   | Found a staircase to the Snake Pit.
  8201 | Lair:3   | Found a staircase to the Shoals.
  8403 | Lair:3   | Noticed a five-headed hydra
  8418 | Lair:3   | Killed a six-headed hydra
  8492 | Lair:3   | Noticed a six-headed hydra
  8498 | Lair:3   | Killed a six-headed hydra
  9234 | Lair:4   | Reached skill level 10 in Armour
  9397 | Lair:4   | Noticed a four-headed hydra
  9402 | Lair:4   | Killed a four-headed hydra
  9927 | Lair:5   | Found a staircase to the Slime Pits.
  9952 | Lair:5   | Found a gate leading to a gauntlet.
  9959 | Lair:5   | Reached XP level 13. HP: 122/133 MP: 12/12
  9964 | Gauntlet | Entered a Gauntlet
  9964 | Gauntlet | Found a transporter.
  9973 | Gauntlet | Found a transporter.
  9973 | Gauntlet | Found the +3 Mad Mage's Maulers {Infuse+∞ RegenMP Int-3}
  9988 | Gauntlet | Found a transporter.
  9993 | Gauntlet | Found a transporter.
 10008 | Gauntlet | Found a transporter.
 10027 | Gauntlet | Found a transporter.
 10039 | Gauntlet | Found a transporter.
 10051 | Gauntlet | Found a transporter.
 10057 | Gauntlet | Found a transporter.
 10068 | Gauntlet | Noticed a green death
 10072 | Gauntlet | Found a transporter.
 10084 | Gauntlet | Found a transporter.
 10090 | Gauntlet | Found a transporter.
 10090 | Gauntlet | Found a transporter.
 10129 | Gauntlet | Found a transporter.
 10154 | Gauntlet | Found a transporter.
 10156 | Gauntlet | Found a transporter.
 10967 | Lair:6   | Entered Level 6 of the Lair of Beasts
 11528 | Lair:6   | Reached skill level 15 in Unarmed Combat
 11861 | Lair:6   | Reached XP level 14. HP: 121/144 MP: 13/13
 12255 | Temple   | Entered the Ecumenical Temple
 12451 | Temple   | Became a worshipper of Warmaster Okawaru
 12511 | D:10     | Entered Level 10 of the Dungeon
 12563 | D:10     | Found a transporter.
 12565 | D:10     | Found a transporter.
 12623 | D:10     | Found a transporter.
 12628 | D:10     | Found a transporter.
 12799 | D:10     | Reached skill level 1 in Invocations
 12970 | D:10     | Reached * piety under Okawaru
 13136 | D:10     | Found a transporter.
 13138 | D:10     | Found a transporter.
 13171 | D:10     | Found the +8 Vampire's Tooth {vamp}
 13692 | D:11     | Found an ancient bone altar of Kikubaaqudgha.
 14003 | D:11     | Reached ** piety under Okawaru
 14098 | D:12     | Noticed Josephine
 14103 | D:12     | Noticed Sonja
 14153 | D:12     | Noticed Nessos
 14171 | D:12     | Killed Nessos
 14210 | D:12     | Reached skill level 5 in Invocations
 14347 | Orc:1    | Entered Level 1 of the Orcish Mines
 14494 | Orc:2    | Entered Level 2 of the Orcish Mines
 14626 | Orc:2    | Reached *** piety under Okawaru
 14647 | Orc:2    | Found a staircase to the Elven Halls.
 14846 | Orc:2    | Found Wiviyk's Magic Scroll Shop.
 14847 | Orc:2    | Found Mahoulutee's Distillery.
 15647 | Orc:2    | Bought a potion of heal wounds for 90 gold pieces
 15647 | Orc:2    | Bought a potion of heal wounds for 90 gold pieces
 15647 | Orc:2    | Bought 2 potions of ambrosia for 288 gold pieces
 15647 | Orc:2    | Bought a potion of curing for 54 gold pieces
 15647 | Orc:2    | Bought 2 potions of heal wounds for 180 gold pieces
 15649 | Orc:2    | Bought a scroll of fear for 38 gold pieces
 15649 | Orc:2    | Bought a scroll of poison for 38 gold pieces
 15657 | Orc:2    | Reached **** piety under Okawaru
 15767 | Orc:2    | Paralysed by an orc sorcerer for 5 turns
 16136 | Orc:2    | Received a gift from Okawaru
 16229 | Orc:2    | HP: 1/137 [orc knight/+0 great mace (19)]
 16350 | Orc:2    | Reached ***** piety under Okawaru
 16352 | Orc:2    | Received a gift from Okawaru
 16362 | Orc:2    | Reached XP level 15. HP: 139/154 MP: 21/21
 16428 | Orc:2    | Found Mawnad's Antique Armour Emporium.
 16428 | Orc:2    | Found Yfedwux's Jewellery Shoppe.
 16433 | Orc:2    | Found a one-way gate leading to the halls of Pandemonium.
 16438 | Orc:2    | Bought a ring of willpower for 450 gold pieces
 16467 | Orc:2    | Bought an amulet of reflection for 540 gold pieces
 16638 | Shoals:1 | Entered Level 1 of the Shoals
 16661 | Shoals:1 | Found Cuxtu's Weapon Emporium.
 16712 | Shoals:1 | Reached skill level 10 in Invocations
 16925 | Shoals:1 | Reached skill level 11 in Throwing
 16999 | Shoals:1 | Received a gift from Okawaru
 17217 | Shoals:1 | Identified the +1 robe of the Eternal Void {rCorr} (Okawaru
                  | gifted it to you on level 1 of the Shoals)
 17217 | Shoals:1 | Received a gift from Okawaru
 17222 | Shoals:1 | Found Feun's Jewellery Emporium.
 17417 | Shoals:2 | Reached skill level 12 in Throwing
 18028 | Shoals:1 | Bought 3 silver javelins for 136 gold pieces
 18061 | Shoals:2 | Found a hazy altar of Hepliaklqana.
 18503 | Shoals:2 | Reached skill level 13 in Throwing
 18969 | Shoals:3 | Noticed Polyphemus
 18977 | Shoals:3 | Killed Polyphemus
 18994 | Shoals:3 | Reached ****** piety under Okawaru
 19116 | Shoals:3 | Reached skill level 14 in Throwing
 19118 | Shoals:3 | Received a gift from Okawaru
 19196 | Shoals:3 | Identified the +0 leather armour "Annostro" {+Blink}
 19254 | Shoals:3 | Reached XP level 16. HP: 160/162 MP: 22/22
 19437 | Shoals:3 | Received a gift from Okawaru
 20014 | Shoals:4 | Entered Level 4 of the Shoals
 20173 | Shoals:4 | Received a gift from Okawaru
 20174 | Shoals:4 | Reached skill level 15 in Throwing
 20448 | Shoals:4 | Received a gift from Okawaru
 20523 | Shoals:4 | Noticed a kraken
 20538 | Shoals:4 | Killed a kraken
 20675 | Shoals:4 | Identified the +0 hat "Ysaod" {Fly Will+} (Okawaru gifted
                  | it to you on level 4 of the Shoals)
 20675 | Shoals:4 | Received a gift from Okawaru
 21474 | Shoals:4 | Noticed a kraken
 21524 | Shoals:4 | Killed a kraken
 21594 | Shoals:4 | Got a barnacled rune of Zot
 21708 | Shoals:4 | Identified the ring "Rocokk" {rCorr Str+4}
 21819 | Snake:1  | Entered Level 1 of the Snake Pit
 21825 | Snake:1  | Noticed Aizul
 21839 | Snake:1  | Killed Aizul
 22108 | Snake:1  | Reached skill level 16 in Throwing
 22110 | Snake:1  | Reached skill level 1 in Shields
 22116 | Snake:1  | Found Beaxzepa's Distillery.
 22228 | Snake:1  | Bought a potion of heal wounds for 90 gold pieces
 22228 | Snake:1  | Bought a potion of haste for 180 gold pieces
 22726 | Snake:2  | Identified the quicksilver dragon scales "Douttu" {+Blink
                  | rF+ Will+ Str+4} (Okawaru gifted it to you on level 2 of
                  | the Snake Pit)
 22726 | Snake:2  | Received a gift from Okawaru
 22930 | Snake:2  | Reached skill level 5 in Shields
 22959 | Snake:2  | Reached XP level 17. HP: 40/175 MP: 23/23
 23452 | Snake:2  | You fall into a shaft and drop 1 floor!
 25294 | Snake:3  | Received a gift from Okawaru
 25588 | Snake:4  | Entered Level 4 of the Snake Pit
 25652 | Snake:4  | Received a gift from Okawaru
 25757 | Snake:4  | Received a gift from Okawaru
 25758 | Snake:4  | Reached skill level 10 in Shields
 25987 | Snake:4  | Received a gift from Okawaru
 25997 | Snake:4  | Found Dutocs's Weapon Shoppe.
 26457 | Snake:4  | Identified Roxanne's Papyrus of Transmigration
 26457 | Snake:4  | Noticed Roxanne
 27612 | Snake:4  | Killed Roxanne
 27888 | Snake:4  | Reached XP level 18. HP: 49/183 MP: 24/24
 28178 | Snake:4  | Got a serpentine rune of Zot
 28635 | D:12     | Killed Josephine
 28648 | D:12     | Cast into level 1 of the Abyss (Sonja)
 29278 | D:12     | Escaped the Abyss
 29279 | Arena    | Entered the Arena
 29281 | Arena    | Killed Sonja
 29281 | Arena    | Received a gift from Okawaru
 29312 | D:12     | HP: 5/183 [boulder beetle (10)]
 29577 | D:12     | Found a portal to a secret trove of treasure.
 29840 | D:13     | Found a one-way gate to the infinite horrors of the Abyss.
 29840 | D:13     | Identified the +1 dagger of Exhibitionism {distort, Fragile
                  | rPois MP+9 Stlth+}
 29840 | D:13     | Identified the +0 robe of Xamynej {rElec rN+ Dex+4}
 30160 | D:13     | Found a large runed translucent door.
 30161 | D:13     | Found a large runed translucent door.
 30362 | D:13     | Found a corrupted altar of Lugonu.
 30703 | D:14     | Found a frozen archway.
 31255 | IceCv    | Entered an ice cave
 31941 | IceCv    | Mangled by a frost giant

Illustrated notes

Levels and vault maps discovered:
D:1:      dpeg_arrival_erosion, layout_rooms, serial_shops, shop
D:2:      layout_loops_corners, serial_aquarium, aquarium_bridge_straight
          [aquarium_subvault_bridge, aquarium_subvault_wall,
          aquarium_subvault_bridge, aquarium_subvault_wall],
          aquarium_bridge_long_separate [aquarium_subvault_bridge,
          aquarium_subvault_bridge, aquarium_subvault_wall,
          aquarium_subvault_wall, aquarium_subvault_window,
          aquarium_subvault_bridge], aquarium_window_2,
          aquarium_window_corridor_1, aquarium_view_2c, aquarium_pool_side,
          ebering_ecumenical_altar_mist
D:3:      layout_rooms, serial_undead, serial_undead_e, serial_undead_d,
          serial_undead_f, serial_undead_e, uniq_natasha
D:4:      layout_rooms
D:5:      layout_basic
D:6:      layout_loops_ring, kennysheep_mini_moat, guppyfry_shop_venom
D:7:      layout_basic, minmay_temple_entry_statues_pillars,
          minmay_misc_feat_ornament
D:8:      layout_rooms, uniq_psyche, uniq_grum
D:9:      layout_rooms, due_lair_maze_entry_diamond, orc_david_3,
          enter_bailey_8, serial_shops, shop_fountains, grunt_decor_resistance,
          minivault_16, uniq_amaemon, uniq_joseph
D:10:     layout_stronghold, chequers_serial_rivers_micro_d,
          serial_nicolae_subway, nicolae_sub_station_crystal,
          nicolae_sub_station_metal, nicolae_sub_station_stone
D:11:     layout_basic, lemuel_zombie_altar_kikubaaqudgha
D:12:     layout_loops_cross, nicolae_trove_entry_crossroad, serial_park_tiny_2,
          uniq_nessos, uniq_josephine, uniq_sonja
D:13:     due_chaos_kobolds, layout_long_grid, minmay_unpleasant_kobolds
D:14:     layout_rooms, grunt_vaults_entry_tiered,
          portal_ice_cave_entry_pillars_1
Temple:   minmay_crystal_snake_temple
Lair:1:   layout_regular_city
Lair:2:   layout_gridlike, minmay_snake_entry_six_corridors, minivault_23,
          lemuel_fruit_fields
Lair:3:   layout_loops_ring, shoals_dummy_entry, lemuel_fruit_tree
Lair:4:   layout_gridlike, serial_bayou_lake_a, grunt_megastairs_5,
          serial_bayou_shore_b
Lair:5:   layout_cave_pods, slime_dummy, gauntlet_entry_generic, pond
Lair:6:   grunt_lair_end_beastmaster, layout_regular_city
Shoals:1: cheibrodos_shoals_baths, layout_shoals, serial_shops,
          nicolae_shop_bloodbath_and_beyond, shop
Shoals:2: layout_shoals, lemuel_altar_in_water
Shoals:3: layout_shoals, nicolae_shoals_lost_giant_pillars, uniq_polyphemus
Shoals:4: shoals_end_hangedman, layout_shoals
Snake:1:  layout_onion_interference, serial_shops, shop_statue,
          grunt_ministairs_1, uniq_aizul
Snake:2:  layout_misc_corridors
Snake:3:  nicolae_snake_hallway, layout_misc_corridors, nicolae_snake_squiggles
Snake:4:  snake_pit_salamanders_mu, layout_rooms, serial_shops, shop_statue,
          serial_bayou_ford_a, uniq_roxanne
Orc:1:    layout_caves
Orc:2:    pf_orc_diabolical, layout_caves, lightli_orcish_oven
IceCv:    ice_cave_small_giant

Skill      XL: |  1  2  3  4  5  6  7  8  9 10 11 12 13 14 15 16 17 18 |
---------------+-------------------------------------------------------+-----
Unarmed Combat | 4 5 7 8 9 10 11 15 | 15.8
Throwing       | 4 7 9 10 14 16 | 16.0
Fighting       | 4 6 8 10 11 12 | 12.4
Armour         | 6 10 | 10.0
Invocations    | 9 10 | 10.0
Shields        | 5 12 14 | 14.0
Dodging        | |  2.4

Action                   |  1- 3 |  4- 6 |  7- 9 | 10-12 | 13-15 | 16-18 || total
-------------------------+-------+-------+-------+-------+-------+-------++-------
Melee: Unarmed           |    93 |    93 |   218 |   429 |   831 |  1118 ||  2782
       Punch             |     3 |     4 |     9 |    26 |    84 |    26 ||   152
Throw: Javelin           |       |       |     2 |     2 |     8 |    78 ||    90
       Large rock        |       |       |     2 |     1 |    47 |    26 ||    76
       Dart              |       |       |     2 |       |       |     3 ||     5
       Throwing net      |       |       |       |     3 |     4 |     1 ||     8
       Boomerang         |       |       |       |    20 |   134 |   125 ||   279
Invok: Heroism           |       |       |       |       |     1 |     6 ||     7
       Finesse           |       |       |       |       |       |     3 ||     3
       Duel              |       |       |       |       |       |     1 ||     1
Evoke: Wand              |       |       |       |       |       |     6 ||     6
       Phial of floods   |       |       |       |       |       |     1 ||     1
  Use: Scroll            |       |       |     6 |    13 |    11 |    14 ||    44
       Potion            |       |       |     2 |     4 |     2 |    26 ||    34
 Stab: Sleeping          |     1 |     1 |     5 |       |       |       ||     7
       Held in net/web   |       |       |       |     2 |       |       ||     2
Armor: Robe              |    32 |    20 |    11 |       |       |       ||    63
       Steam dragon scal |       |       |    32 |     1 |       |       ||    33
       Skin              |       |       |     1 |       |       |    16 ||    17
       Fire dragon scale |       |       |       |   322 |   561 |   487 ||  1370
       Ice dragon scales |       |       |       |       |       |    26 ||    26
Dodge: Dodged            |    45 |    74 |    76 |   215 |   394 |   261 ||  1065
Block: Other             |       |       |       |       |    64 |    51 ||   115
       Reflection        |       |       |       |       |     6 |   150 ||   156
       Tower shield      |       |       |       |       |       |  1205 ||  1205

Table legend: (Time is in decaauts)
 A = Elapsed time spent in this place.
 B = Non-inter-level travel time spent in this place.
 C = Inter-level travel time spent in this place.
 D = Time resting spent in this place.
 E = Time spent auto-exploring this place.
 F = Levels seen in this place.
 G = Mean time per level.
                   A        B        C        D        E       F      G
               +--------+--------+--------+--------+--------+-----+--------+
         Total |  31830 |  29880 |   1950 |   3816 |  18876 |  37 |  860.3 |
       Dungeon |  10534 |   9787 |    747 |    617 |   6993 |  14 |  752.4 |
        Temple |    203 |    158 |     45 |      0 |    129 |   1 |  203.0 |
          Lair |   5490 |   5016 |    474 |    145 |   3918 |   6 |  915.0 |
        Shoals |   5351 |   5047 |    304 |    707 |   3132 |   4 | 1337.8 |
     Snake Pit |   6415 |   6145 |    270 |   1604 |   3012 |   4 | 1603.8 |
  Orcish Mines |   2150 |   2042 |    108 |    586 |    865 |   2 | 1075.0 |
         Abyss |    605 |    605 |      0 |    118 |    158 |   2 |  302.5 |
        Bailey |    184 |    184 |      0 |      0 |     90 |   1 |  184.0 |
      Ice Cave |    667 |    667 |      0 |     22 |    414 |   1 |  667.0 |
      Gauntlet |    208 |    208 |      0 |      0 |    163 |   1 |  208.0 |
         Arena |     17 |     17 |      0 |     14 |      0 |   1 |   17.0 |
               +--------+--------+--------+--------+--------+-----+--------+

Top non-repeatable levels by time:
 Snake:4: 1981 daAuts
 Snake:3: 1953 daAuts
Shoals:4: 1766 daAuts
Shoals:2: 1469 daAuts
 Snake:2: 1348 daAuts
   Orc:2: 1300 daAuts
    D:13: 1198 daAuts
Shoals:3: 1189 daAuts
 Snake:1: 1132 daAuts
  Lair:6: 1077 daAuts
     D:7: 1071 daAuts
     D:9: 1040 daAuts
  Lair:2: 984 daAuts
  Lair:4: 932 daAuts
     D:2: 932 daAuts
